 Dungeon Crawl Stone Soup version 0.31-a0-626-g8143ab4f1d (webtiles) character file.

Game seed: 12158405972017975215

1793020 PaperRat the Sifu (level 25, 224/224 HPs)
             Began as a Demonspawn Gladiator on Aug 24, 2023.
             Was the Champion of Wu Jian.
             Escaped with the Orb
             ... and 3 runes!
             The game lasted 04:48:10 (58073 turns).

PaperRat the Sifu (Demonspawn Gladiator)           Turns: 58073, Time: 04:48:11

Health: 224/224    AC: 41    Str: 27    XL:     25   Next: 44%
Magic:  24/24      EV: 25    Int: 12    God:    Wu Jian [******]
Gold:   2887       SH: 23    Dex: 22    Spells: 22/24 levels left

rFire   + + +        w - +10 demon trident "Urinketu" {vamp, rCorr Str+3 Int-2 Stlth+}
rCold   + . .        U - +0 tower shield
rNeg    + + .        Y - +14 plate armour of Ynistriq {*Corrode rN++ Dex+5}
rPois   +            (helmet unavailable)
rElec   +            E - scarf {rC+ rF+}
rCorr   +            H - +1 pair of gloves of the Wilderness {rElec Will+++ SInv Stlth-}
SInv    +            l - +2 pair of boots {Stlth+}
Will    ++++.        O - amulet of Vitality {RegenMP++ Regen++}
Stlth   +            y - ring of Xom's Flight of Fancy {rPois rF+++ MP-9 Int+6 Stlth+}
HPRegen 2.97/turn    t - ring of the Hare {EV+10, =R}
MPRegen 1.18/turn

%: corrode self (3%), guardian spirit
@: no status effects
A: antennae 3, rugged brown scales 3, ignite blood 3, augmentation 3, magic
shield, magic regeneration, magic link, dopey 1, fire resistance 1, low MP 1,
regeneration 1, evolution 1
0: Orb of Zot
}: 3/15 runes: decaying, silver, gossamer
a: Renounce Religion, Wall Jump, Serpent's Lash, Heavenly Storm


You escaped.
You worshipped Wu Jian.
Wu Jian was exalted by your worship.
You visited 10 branches of the dungeon, and saw 48 of its levels.
You also visited: Trove and Gauntlet.

You collected 7624 gold pieces.
You spent 4737 gold pieces at shops.

Inventory:

Hand Weapons
 a - a +9 demon trident of freezing
 w - the +10 demon trident "Urinketu" (weapon) {vamp, rCorr Str+3 Int-2 Stlth+}
   (You found it in a treasure trove)

   Str+3:     It affects your strength (+3).
   Int-2:     It affects your intelligence (-2).
   rCorr:     It protects you from acid and corrosion.
   Stlth+:    It makes you more stealthy.
Missiles
 v - a javelin
 D - 29 boomerangs (quivered)
 F - 9 curare-tipped darts
 G - 4 silver javelins
 S - 2 throwing nets {!f}
Armour
 l - a +2 pair of boots of stealth (worn)
 E - a scarf of resistance (worn)
 H - the +1 pair of gloves of the Wilderness (worn) {rElec Will+++ SInv Stlth-}
   (You found it on level 3 of the Elven Halls)

   rElec:     It insulates you from electricity.
   Will+++:   It greatly increases your willpower.
   SInv:      It lets you see invisible.
   Stlth-:    It makes you less stealthy.
 U - a +0 tower shield (worn)
 Y - the +14 plate armour of Ynistriq (worn) {*Corrode rN++ Dex+5}
   (You found it on level 5 of the Vaults)

   Dex+5:     It affects your dexterity (+5).
   rN++:      It greatly protects you from negative energy.
   *Corrode:  It may corrode you when you take damage.
Jewellery
 f - the ring of Uggoqyrch {Wiz +Blink Fly rPois}
   (You took it off a tengu reaver on level 5 of the Vaults)

   [ring of wizardry]

   Wiz:       It improves your spell success rate.
   rPois:     It protects you from poison Fly: It grants you flight.
   +Blink:    It lets you blink.
 g - a ring of positive energy
 t - the ring of the Hare (right hand) {EV+10, =R}
   (You found it on level 2 of the Depths)

   [ring of evasion]

   EV+10:     It affects your evasion (+10).
 y - the ring of Xom's Flight of Fancy (left hand) {rPois rF+++ MP-9 Int+6 Stlth+}
   (You took it off a deep elf master archer on level 3 of the Elven Halls)

   [ring of intelligence]

   Int+6:     It affects your intelligence (+6).
   rF+++:     It renders you almost immune to fire.
   rPois:     It protects you from poison MP-9: It affects your magic capacity
   (-9).
   Stlth+:    It makes you more stealthy.
 O - the amulet of Vitality (around neck) {RegenMP++ Regen++}
   (You found it on level 3 of the Elven Halls)

   [amulet of magic regeneration]

   RegenMP:   It increases your rate of magic regeneration.
   Regen++:   It increases your rate of health regeneration.
 W - the ring of the Tortoise {AC+8, =R}
   (You took it off a deep elf blademaster on level 3 of the Elven Halls)

   [ring of protection]

   AC+8:      It affects your AC (+8).
Wands
 b - a wand of iceblast (19)
 c - a wand of light (18)
 d - a wand of digging (4)
 m - a wand of polymorph (37)
 n - a wand of paralysis (43)
 z - a wand of mindburst (17)
Scrolls
 h - 8 scrolls of fear {@r4}
 p - 7 scrolls of poison
 s - a scroll of silence
 u - 5 scrolls of immolation
 x - 3 scrolls of fog {@r2}
 J - 7 scrolls of blinking {@r5}
 M - 2 scrolls of vulnerability
 P - a scroll of summoning
 Q - 25 scrolls of teleportation {@r3}
Potions
 e - 7 potions of ambrosia
 i - 2 potions of haste {@q4}
 j - 12 potions of heal wounds {@q2}
 k - 14 potions of curing {@q1}
 o - 7 potions of cancellation
 q - 5 potions of resistance
 r - 3 potions of invisibility
 A - 10 potions of enlightenment {@q6}
 I - 3 potions of berserk rage
 K - 5 potions of lignification
 L - 6 potions of magic
 N - 8 potions of mutation {@q7}
 R - 6 potions of might {@q3}
Miscellaneous
 B - a phantom mirror
 C - a tin of tremorstones (2/2)
 V - a lightning rod (4/4)
 X - a sack of spiders
 Z - a phial of floods


   Skills:
 - Level 20.0 Fighting
 - Level 16.0 Polearms
 - Level 2.5 Ranged Weapons
 + Level 12.9 Throwing
 - Level 18.0 Armour
 - Level 12.0 Dodging
 + Level 5.8 Stealth
 + Level 18.5 Shields
 - Level 20.5 Invocations
 + Level 18.6 Evocations


You had 22 spell levels left.
You knew the following spells:

 Your Spells              Type           Power      Damage    Failure   Level
t - Blink                 Tloc           0%         N/A       99%         2

Your spell library contained the following spells:

 Spells                   Type           Power      Damage    Failure   Level
 Foxfire                  Conj/Fire      0%         2x1d4     97%         1
 Freeze                   Ice            0%         1d3       97%         1
 Kiss of Death            Conj/Necr      0%         2d5       97%         1
 Necrotise                Necr           0%         1d4       97%         1
 Shock                    Conj/Air       0%         1d3       97%         1
 Slow                     Hex            0%         N/A       97%         1
 Sting                    Tmut/Pois      0%         1d3       97%         1
 Summon Small Mammal      Summ           0%         N/A       97%         1
 Cigotuvi's Dreadful Rot  Necr/Pois/Air  0%         N/A       99%         2
 Ensorcelled Hibernation  Hex/Ice        0%         N/A       99%         2
 Lesser Beckoning         Tloc           0%         N/A       99%         2
 Momentum Strike          Conj/Tloc      0%         3d8       99%         2
 Passwall                 Tmut/Erth      0%         N/A       99%         2
 Poisonous Vapours        Pois/Air       0%         N/A       99%         2
 Static Discharge         Conj/Air       0%         2-2/arc   99%         2
 Sublimation of Blood     Necr           0%         N/A       99%         2
 Wereblood                Tmut           0%         N/A       99%         2
 Call Canine Familiar     Summ           0%         N/A       100%        3
 Confusing Touch          Hex            0%         N/A       100%        3
 Dazzling Flash           Conj/Hex       0%         N/A       100%        3
 Frozen Ramparts          Ice            0%         1d1       100%        3
 Gell's Gravitas          Tloc           0%         N/A       100%        3
 Hailstorm                Conj/Ice       0%         3d3       100%        3
 Ignite Poison            Fire/Tmut/Pois 0%         N/A       100%        3
 Inner Flame              Hex/Fire       0%         N/A       100%        3
 Ozocubu's Armour         Ice            0%         N/A       100%        3
 Portal Projectile        Hex/Tloc       0%         N/A       100%        3
 Stone Arrow              Conj/Erth      0%         3d7       100%        3
 Summon Guardian Golem    Hex/Summ       0%         N/A       100%        3
 Swiftness                Air            0%         N/A       100%        3
 Teleport Other           Tloc           0%         N/A       100%        3
 Tukima's Dance           Hex            0%         N/A       100%        3
 Vampiric Draining        Necr           0%         2d6       100%        3
 Volatile Blastmotes      Fire/Tloc      0%         2d10      100%        3
 Airstrike                Air            0%         2d(0-16)  100%        4
 Anguish                  Hex/Necr       0%         N/A       100%        4
 Animate Armour           Summ/Erth      0%         N/A       100%        4
 Animate Dead             Necr           0%         N/A       100%        4
 Dispel Undead            Necr           0%         3d6       100%        4
 Flame Wave               Conj/Fire      0%         2d4       100%        4
 Fulminant Prism          Conj/Hex       0%         3d5       100%        4
 Iskenderun's Mystic Bla  Conj/Tloc      0%         2d3       100%        4
 Manifold Assault         Tloc           0%         N/A       100%        4
 Olgreb's Toxic Radiance  Pois           0%         N/A       100%        4
 Petrify                  Tmut/Erth      0%         N/A       100%        4
 Sticky Flame             Conj/Fire      0%         2d3       100%        4
 Summon Ice Beast         Ice/Summ       0%         N/A       100%        4
 Summon Lightning Spire   Summ/Air       0%         N/A       100%        4
 Agony                    Necr           0%         N/A       100%        5
 Alistair's Intoxication  Tmut/Pois      0%         N/A       100%        5
 Arcjolt                  Conj/Air       0%         1d10      100%        5
 Borgnjor's Vile Clutch   Necr/Erth      0%         N/A       100%        5
 Iskenderun's Battlesphe  Conj           0%         2d6       100%        5
 Metabolic Englaciation   Hex/Ice        0%         N/A       100%        5
 Summon Mana Viper        Hex/Summ       0%         N/A       100%        5
 Death Channel            Necr           0%         N/A       100%        6
 Dispersal                Tloc           0%         N/A       100%        6
 Eringya's Noxious Bog    Tmut/Pois      0%         4d6       100%        6
 Leda's Unmaking          Conj/Erth      0%         9d1       100%        6
 Plasma Beam              Fire/Air       0%         2x1d10    100%        6
 Simulacrum               Ice/Necr       0%         N/A       100%        6
 Starburst                Conj/Fire      0%         6d3       100%        6
 Haunt                    Necr/Summ      0%         N/A       100%        7
 Monstrous Menagerie      Summ           0%         N/A       100%        7
 Ozocubu's Refrigeration  Ice            0%         4d7       100%        7
 Spellforged Servitor     Conj/Summ      0%         N/A       100%        7
 Summon Hydra             Summ           0%         N/A       100%        7
 Disjunction              Tloc           0%         N/A       100%        8
 Infestation              Necr           0%         N/A       100%        8
 Lehudib's Crystal Spear  Conj/Erth      0%         10d2      100%        8
 Maxwell's Capacitive Co  Air            0%         ∞         100%        8


Dungeon Overview and Level Annotations

Branches:
Dungeon (15/15)            Temple (1/1) D:7            Lair (5/5) D:10
  Swamp (4/4) Lair:3       Spider (4/4) Lair:2        Slime (0/5) Lair:5
    Orc (2/2) D:12            Elf (3/3) Orc:2        Vaults (5/5) D:13
  Crypt (0/3) Vaults:3     Depths (4/4) D:15            Zot (5/5) Depths:4
Gauntlet (visited)

Altars:
Ashenzari
Cheibriados
Dithmenos
Fedhas
Gozag
Hepliaklqana
Kikubaaqudgha
Makhleb
Nemelex Xobeh
Okawaru
Qazlal
Ru
Sif Muna
Trog
Vehumet
Wu Jian
Xom
Yredelemnul
Jiyva

Shops:
D:5 (   D:13 [   Orc:1 (   Orc:2 :*!=[   Elf:3 [   Vaults:3 ?   Zot:3 *

Portals:
Hell: Lair:5 Depths:1 Depths:2 Depths:3 Depths:4
Abyss: Depths:1 Depths:3
Pandemonium: Depths:2 Depths:4
Ziggurat: Depths:3

Annotations:
Swamp:4 Roxanne
Elf:2 5 runed translucent doors
Zot:1 2 transporters, exclusion: orange crystal statue
Zot:5 1 exclusion


Innate Abilities, Weirdness & Mutations

You have a pair of large antennae on your head. (SInv)
You are completely covered in rugged brown scales. (AC +3, +7% HP)
Your demonic aura causes all spilled blood to erupt in flames.
Your magical and physical power is greatly enhanced at high health.
When hurt, damage is shared between your health and your magic reserves.
You regenerate magic rapidly.
When low on magic, you restore magic in place of health.
You are dopey. (Int -2)
Your flesh is heat resistant. (rF+)
Your magical capacity is low. (-10% MP)
Your natural rate of healing is unusually fast.
You have hidden genetic potential.


Message History

The Executioner hits you but does no damage.
You puncture the Executioner!
The Executioner is almost dead.
The Executioner hits you! You block the Executioner's attack.
The Executioner hits you but does no damage.
The Executioner barely misses you. You block the Executioner's attack.
The Executioner barely misses you.
You barely miss the Executioner.
The Executioner is almost dead.
You block the Executioner's attack. The Executioner hits you.
You block the Executioner's attack. x2; The Executioner closely misses you.
You block the Executioner's attack.
You impale the Executioner!!
You kill the Executioner!
The Council accepts your kill.
HP restored.
There is a stone staircase leading up here.
You climb upwards.
There is a stone staircase leading down here.
There is a stone staircase leading up here.
You see here a +0 helmet.
You climb upwards.
There is a stone staircase leading down here.
There is a stone staircase leading up here.
You climb upwards.
There is a stone staircase leading down here.
You sense a monster nearby.
There is an open door here.
There is an open door here.
You sense a monster nearby.
There is an open door here.
Which direction?
You close the door.
There is an open door here.
You see here a +0 short sword.
There is an open door here.
You open the door.
There is an open door here.
There is a staircase leading out of the dungeon here.
You have escaped!

##.......## #.....##..#
##.....## #.#.#.##..#
##.#### ########### #'# ###
##.## ##.## ##...## ##...##
##.....## ##.....##
#.......## ##.......####
.........# #....@....'.#
#.......#####.......##'#
##.....###.###.....###.##
###...###...###...###...##
.###.###.....###.###.....##
..##'##.......##'##.......#
...+)).........'.'.........#
..##'##.......##'##.......##
.###.###.....###.###.....##


There were no monsters in sight!

Vanquished Creatures
  6 orbs of fire
  2 ancient liches (Zot:5)
  Bai Suzhen (Vaults:5)
  Sojobo (Vaults:5)
  3 Killer Klowns
  Xtahua (Vaults:2)
  Margery (Vaults:3)
  2 curse toes
  10 golden dragons
  Nikola (Spider:1)
  A bone dragon (Depths:4)
  2 electric golems
  An Ice Fiend (D:13)
  2 walking crystal tomes
  25 tentacled monstrosities
  23 Orb Guardians
  5 deep elf blademasters
  5 titans (Vaults:5)
  3 liches
  4 sphinxes
  8 quicksilver dragons
  2 deep elf master archers (Elf:3)
  Frances (Spider:2)
  An Executioner (D:4)
  Gastronok (Lair:3)
  13 death cobs
  10 storm dragons
  2 fenstrider witches
  4 draconian monks
  11 shadow dragons
  11 tengu reavers
  5 draconian knights
  8 fire giants
  11 frost giants
  An iron dragon (Depths:2)
  Louise (Swamp:4)
  3 balrugs
  3 deep elf elementalists (Elf:3)
  6 deep elf sorcerers
  14 vault wardens
  6 emperor scorpions
  3 orc warlords
  5 draconian scorchers
  3 ghost moths (Spider:4)
  7 draconian shifters
  The ghost of esper6 the Thaumaturge, a journeyman GnNe of Cheibriados (Swamp:3)
  3 draconian stormcallers
  A quicksilver ooze (Gauntlet)
  4 broodmothers
  2 ghouls (Lair:3)
  7 draconian annihilators
  20 stone giants
  4 formless jellyfish
  A war gargoyle (Vaults:5)
  4 spriggan defenders
  38 very ugly things
  13 black draconians
  18 ironbound preservers
  8 ironbound thunderhulks
  13 green draconians
  9 eleionomae
  4 vampire knights
  A minotaur (Gauntlet)
  7 deep elf demonologists
  A bunyip (Swamp:4)
  5 dire elephants
  5 purple draconians
  9 white draconians
  10 deep elf annihilators
  2 spark wasps
  7 red draconians
  13 yellow draconians
  2 crystal guardians (Vaults:4)
  6 fire dragons
  2 green deaths (Swamp:4)
  10 deep elf death magi
  7 entropy weavers
  13 ettins
  A jiangshi (Vaults:3)
  2 shambling mangroves (Swamp:3)
  16 yaktaur captains
  5 deep elf high priests
  8 great orbs of eyes
  A merfolk impaler (Depths:3)
  2 rakshasas (Depths:1)
  Erolcha (Orc:1)
  32 vault guards
  9 ice dragons
  3 ogre magi (Vaults:5)
  5 spriggan air magi
  The ghost of kae the Nimble, a journeyman DrSh of Ru (D:11)
  7 ironbound frosthearts
  A peacekeeper (Vaults:4)
  2 catoblepae
  23 hydras
  6 alligators
  A sphinx zombie (Depths:2)
  12 centaur warriors
  4 radroaches
  9 boulder beetles
  11 two-headed ogres
  4 tengu warriors
  3 vampire magi (Depths:2)
  5 death yaks
  7 orc high priests
  2 deep troll earth magi
  4 deep troll shamans
  5 dancing weapons
  7 demonic crawlers
  6 spriggan berserkers
  3 soul eaters
  4 sun demons
  12 deep elf knights
  The ghost of Cris the Destroyer, a novice DsCj of Vehumet (D:9)
  4 hell knights (Vaults:3)
  A skyshark (Lair:5)
  4 iron trolls
  2 sixfirhies
  A shadow wraith (Vaults:5)
  2 pharaoh ants
  A storm dragon skeleton (Vaults:1)
  5 goliath frogs
  4 sun moths
  4 flayed ghosts
  12 orb spiders
  3 bog bodies
  3 glowing orange brains
  36 deep trolls
  19 deep elf archers
  3 steelbarb worms
  19 orc knights
  7 wizards
  11 lindwurms
  5 swamp dragons
  5 necromancers
  18 ironbound convokers
  4 phantasmal warriors (Vaults:5)
  A harpy (Vaults:1)
  28 deep elf zephyrmancers
  An orc sorcerer (Elf:2)
  5 human zombies
  23 deep elf pyromancers
  21 wolf spiders
  4 cyclopes
  2 manticores
  A frost giant zombie (Depths:2)
  A shadow dragon skeleton (Depths:2)
  33 ugly things
  4 will-o-the-wisps
  29 moths of wrath
  A worldbinder (Gauntlet)
  A toenail golem (Depths:4)
  An elephant (shapeshifter) (Vaults:5)
  A stone giant skeleton (Vaults:3)
  6 black mambas
  6 elephants (Lair:5)
  3 large abominations
  17 vault sentinels
  4 torpor snails
  A smoke demon (Lair:5)
  A torpor snail (shapeshifter) (Depths:4)
  A gargoyle (D:12)
  6 orange demons
  Psyche (D:12)
  18 cane toads
  10 komodo dragons
  An unseen horror (D:11)
  6 rime drakes
  2 efreet (D:13)
  A rime drake (shapeshifter) (Depths:3)
  2 freezing wraiths
  An unseen horror (shapeshifter) (Elf:2)
  2 tengu conjurers
  34 yaktaurs
  2 ice devils
  A queen bee (D:15)
  5 red devils
  3 trolls
  2 polar bears
  A polar bear (shapeshifter) (D:13)
  A meliai (shapeshifter) (D:15)
  6 meliai (D:15)
  A shadow dragon simulacrum (Depths:2)
  14 blink frogs
  18 hornets
  A merfolk (Vaults:2)
  8 tyrant leeches
  7 dream sheep
  28 tarantellas
  A blink frog (shapeshifter) (D:10)
  A frost giant simulacrum (Vaults:1)
  A slime creature (shapeshifter) (Vaults:2)
  A stone giant simulacrum (Vaults:3)
  A jumping spider (shapeshifter) (D:14)
  25 jumping spiders
  5 shadows
  53 slime creatures
  17 culicivoras
  3 wyverns
  A centaur simulacrum (D:15)
  A vampire (D:11)
  8 spriggans
  7 water elementals
  A basilisk (shapeshifter) (D:10)
  3 wraiths
  56 yaks
  4 air elementals
  9 humans (D:13)
  4 fire elementals
  55 redbacks
  5 basilisks
  20 vampire mosquitoes
  4 wargs (Orc:1)
  11 swamp worms
  An acid dragon (D:11)
  3 hell hounds (Lair:5)
  19 water moccasins
  An ogre zombie (Vaults:3)
  A black bear (shapeshifter) (D:10)
  2 sky beasts (D:8)
  50 orc warriors
  A swamp drake (Swamp:3)
  The ghost of Takeo the Shield-Bearer, an amateur MiFi (D:3)
  2 boggarts (Gauntlet)
  2 black bears
  10 ogres
  5 wolves (Lair:4)
  15 centaurs
  A phantom (D:5)
  2 kobold brigands
  14 bullfrogs
  2 scorpions (D:5)
  2 necrophages
  7 earth elementals
  3 gnoll sergeants
  A scorpion (shapeshifter) (Elf:2)
  17 wights
  19 killer bees
  An electric eel (Lair:1)
  A bullfrog zombie (D:3)
  3 hounds
  4 jellies (D:5)
  A centaur zombie (D:3)
  29 orc priests
  Terence (D:2)
  4 iguanas
  22 orc wizards
  2 sleepcaps
  A howler monkey skeleton (D:3)
  22 gnolls
  4 adders
  3 shadow imps (Gauntlet)
  3 white imps
  2 ufetubi (D:5)
  A worm (shapeshifter) (Vaults:5)
  3 worms
  A dart slug (D:4)
  132 orcs
  10 bats
  5 endoplasms
  2 giant cockroaches
  6 hobgoblins
  2 jackals (D:2)
  14 kobolds
  8 quokkas
  8 ball pythons
  3 frilled lizards (D:3)
  11 goblins
  11 rats
2063 creatures vanquished.

Vanquished Creatures (collateral kills)
  Aizul (Swamp:2)
  An alligator (Swamp:2)
  A spriggan druid (Swamp:2)
  A swamp worm (Swamp:2)
4 creatures vanquished.

Vanquished Creatures (others)
  A fire giant (Vaults:5)
  A yellow draconian (Zot:4)
  A yaktaur captain (Vaults:5)
  A deep elf knight (Elf:3)
  A bloated husk (Swamp:4)
  A human (D:13)
  An orc (Vaults:5)
  30 foxfires
37 creatures vanquished.

Grand Total: 2104 creatures vanquished

Notes
Turn   | Place    | Note
-------+----------+-------------------------------------------
     0 | D:1      | PaperRat the Demonspawn Gladiator began the quest for the
                  | Orb.
     0 | D:1      | Reached XP level 1. HP: 16/16 MP: 1/1
   109 | D:1      | Reached skill level 1 in Stealth
   402 | D:1      | Gained mutation: You regenerate magic rapidly. [demonic
                  | ancestry]
   402 | D:1      | Reached XP level 2. HP: 22/22 MP: 2/2
  1399 | D:2      | Noticed Terence
  1466 | D:2      | Reached XP level 3. HP: 28/28 MP: 3/3
  1645 | D:2      | Found a radiant altar of Vehumet.
  2331 | D:2      | Reached XP level 4. HP: 34/34 MP: 4/4
  2389 | D:3      | Identified the +0 helmet "Buoc" {rF+ rN+ Dex+3}
  2580 | D:3      | Noticed an ogre
  2787 | D:3      | Found a runed translucent gate.
  2787 | D:3      | Found a runed translucent gate.
  2788 | D:3      | Found a runed translucent gate.
  2792 | D:3      | Noticed Takeo's ghost (amateur MiFi)
  2852 | D:3      | Found Ecleofiessu's Magic Scroll Shop.
  2855 | D:3      | Bought a scroll of identify for 28 gold pieces
  2855 | D:3      | Bought a scroll of fear for 56 gold pieces
  2855 | D:3      | Bought a scroll of identify for 28 gold pieces
  2855 | D:3      | Bought a scroll of identify for 28 gold pieces
  2992 | D:3      | Bought a scroll of identify for 28 gold pieces
  3483 | D:3      | Killed an ogre
  3484 | D:3      | Reached skill level 1 in Ranged Weapons
  3484 | D:3      | Reached XP level 5. HP: 42/42 MP: 5/5
  3666 | D:3      | Bought a scroll of identify for 28 gold pieces
  3861 | D:4      | Identified the +8 trident "Undertaker" {heavy, Will++
                  | Dex-5}
  4031 | D:4      | Gained mutation: Your demonic aura sometimes causes spilled
                  | blood to erupt in flames. [demonic ancestry]
  4031 | D:4      | Reached XP level 6. HP: 48/48 MP: 6/6
  4391 | D:5      | Entered Level 5 of the Dungeon
  4569 | D:5      | Found Ocaki's Weapon Emporium.
  4683 | D:5      | Gained mutation: When hurt, damage is shared between your
                  | health and your magic reserves. [demonic ancestry]
  4683 | D:5      | Reached XP level 7. HP: 54/54 MP: 7/7
  4699 | D:5      | Reached skill level 5 in Polearms
  4783 | D:3      | Bought a scroll of fog for 56 gold pieces
  4925 | D:5      | Found an iron altar of Okawaru.
  4935 | D:5      | Found Jopuasch's Distillery.
  4943 | D:5      | Bought a potion of degeneration for 15 gold pieces
  5541 | D:5      | Reached XP level 8. HP: 59/60 MP: 8/8
  5971 | D:2      | Killed Terence
  6032 | D:3      | Killed Takeo's ghost
  6261 | D:6      | Reached skill level 1 in Armour
  6261 | D:6      | Reached skill level 1 in Evocations
  6276 | D:6      | Identified a scroll of acquirement
  6277 | D:6      | Acquired a manual of Fighting
  6481 | D:6      | Reached skill level 5 in Fighting
  6625 | D:6      | Gained mutation: You have a pair of small antennae on your
                  | head. [demonic ancestry]
  6625 | D:6      | Reached XP level 9. HP: 60/68 MP: 9/9
  6782 | D:6      | Identified the +4 dagger "Deheom" {freeze, rPois}
  7497 | D:5      | Bought a potion of mutation for 120 gold pieces
  7703 | D:7      | Found a staircase to the Ecumenical Temple.
  7710 | Temple   | Entered the Ecumenical Temple
  7733 | Temple   | Became a worshipper of the Wu Jian Council
  8670 | D:8      | Found a stormy altar of Qazlal.
  8740 | D:8      | Reached * piety under Wu Jian
  8906 | D:8      | Found a blossoming altar of Fedhas.
  8909 | D:8      | Found a radiant altar of Vehumet.
  8912 | D:8      | Found a bloodstained altar of Trog.
  8915 | D:8      | Identified the +8 spear "Spiderbane" {elec, rPois rF+}
  9264 | D:8      | Reached skill level 10 in Polearms
  9264 | D:8      | Gained mutation: When low on magic, you restore magic in
                  | place of health. [demonic ancestry]
  9264 | D:8      | Reached XP level 10. HP: 83/83 MP: 10/10
  9592 | D:3      | Bought a scroll of torment for 133 gold pieces
  9844 | D:9      | Reached ** piety under Wu Jian
 10009 | D:9      | Noticed a fire dragon
 10010 | D:9      | Noticed a brown ugly thing
 10039 | D:9      | Reached skill level 10 in Fighting
 10039 | D:9      | Reached skill level 1 in Shields
 10343 | D:9      | Found a runed translucent gate.
 10343 | D:9      | Found a runed translucent gate.
 10344 | D:9      | Found a runed translucent gate.
 10344 | D:9      | Noticed Cris's ghost (novice DsCj)
 10607 | D:9      | Killed a brown ugly thing
 10701 | D:9      | Killed a fire dragon
 10773 | D:9      | Killed Cris's ghost
 10774 | D:9      | Gained mutation: You are partially covered in rugged brown
                  | scales. (AC +1, +3% HP) [demonic ancestry]
 10774 | D:9      | Reached XP level 11. HP: 48/97 MP: 11/11
 10911 | D:10     | Entered Level 10 of the Dungeon
 11277 | D:10     | Found a staircase to the Lair.
 11723 | D:10     | Found a runed translucent door.
 11723 | D:10     | Noticed an orc knight
 11728 | D:10     | Killed an orc knight
 11934 | D:10     | Noticed a boulder beetle
 11952 | D:10     | Killed a boulder beetle
 11953 | D:10     | Reached skill level 5 in Shields
 11953 | D:10     | Reached skill level 5 in Evocations
 12008 | D:10     | Identified the +2 morningstar of Cataclysm {antimagic,
                  | rCorr Str+3 SInv}
 12048 | Lair:1   | Entered Level 1 of the Lair of Beasts
 12073 | Lair:1   | Found a gate leading to a gauntlet.
 12081 | Gauntlet | Entered a Gauntlet
 12081 | Gauntlet | Found a transporter.
 12089 | Gauntlet | Found a transporter.
 12091 | Gauntlet | Found a transporter.
 12105 | Gauntlet | Found a transporter.
 12113 | Gauntlet | Noticed a wizard
 12120 | Gauntlet | Found a transporter.
 12122 | Gauntlet | Found a transporter.
 12129 | Gauntlet | Noticed a quicksilver ooze
 12139 | Gauntlet | Found a transporter.
 12144 | Gauntlet | Found a runed translucent door.
 12150 | Gauntlet | Noticed a green death
 12151 | Gauntlet | Found a transporter.
 12158 | Gauntlet | Noticed a hell hog
 12160 | Gauntlet | Found a runed translucent gate.
 12161 | Gauntlet | Found a transporter.
 12161 | Gauntlet | Found a runed translucent gate.
 12162 | Gauntlet | Found a runed translucent gate.
 12171 | Gauntlet | Found a transporter.
 12175 | Gauntlet | Found a transporter.
 12175 | Gauntlet | Found a transporter.
 12177 | Gauntlet | Found a transporter.
 12205 | Gauntlet | Found a transporter.
 12266 | Gauntlet | Noticed an orange crystal statue
 12333 | Gauntlet | Noticed a bog body
 12333 | Gauntlet | Noticed a goliath frog
 12341 | Gauntlet | Noticed a bog body
 12353 | Gauntlet | Reached *** piety under Wu Jian
 12525 | Gauntlet | Killed a wizard
 12583 | Gauntlet | Killed a quicksilver ooze
 12594 | Gauntlet | Identified the amulet "Jaf Dis" {Spirit *Corrode rF++
                  | Dex+3}
 12617 | Gauntlet | Noticed a minotaur
 12638 | Gauntlet | Killed a minotaur
 12648 | Gauntlet | Identified the +8 chain mail of Qazlal's Favour {rElec
                  | Str+3}
 13181 | Lair:1   | Noticed a death yak
 13205 | Lair:1   | Killed a death yak
 13225 | Lair:1   | Noticed a death yak
 13226 | Lair:1   | Noticed a death yak
 13285 | D:10     | Killed a death yak
 13286 | D:10     | Reached skill level 5 in Armour
 13286 | D:10     | Gained mutation: You have a pair of antennae on your head.
                  | [demonic ancestry]
 13286 | D:10     | Reached XP level 12. HP: 93/105 MP: 12/12
 13323 | Lair:1   | Killed a death yak
 14151 | Lair:2   | Noticed a four-headed hydra
 14168 | Lair:2   | Killed a four-headed hydra
 14310 | Lair:2   | Found a hole to the Spider Nest.
 14581 | Lair:2   | Reached **** piety under Wu Jian
 14609 | Lair:2   | Identified the +8 long sword of Pymnuegu {holy, rElec rPois
                  | Dex+7}
 15388 | Lair:3   | Noticed a six-headed hydra
 15412 | Lair:3   | Killed a six-headed hydra
 15620 | Lair:3   | Noticed an eight-headed hydra
 15625 | Lair:3   | Noticed an eleionoma
 15625 | Lair:3   | Killed an eight-headed hydra
 15635 | Lair:3   | Killed an eleionoma
 15636 | Lair:3   | Gained mutation: You are mostly covered in rugged brown
                  | scales. (AC +2, +5% HP) [demonic ancestry]
 15636 | Lair:3   | Reached XP level 13. HP: 105/113 MP: 13/13
 15695 | Lair:3   | Found a staircase to the Swamp.
 15899 | Lair:3   | Noticed Gastronok
 15942 | Lair:3   | Killed Gastronok
 16158 | Lair:3   | Found a transporter.
 16161 | Lair:3   | Found a transporter.
 17327 | Lair:4   | Reached ***** piety under Wu Jian
 18040 | Lair:5   | Entered Level 5 of the Lair of Beasts
 18333 | Lair:5   | Gained mutation: Your demonic aura often causes spilled
                  | blood to erupt in flames. [demonic ancestry]
 18333 | Lair:5   | Reached XP level 14. HP: 109/123 MP: 14/14
 18340 | Lair:5   | Reached skill level 5 in Throwing
 18576 | Lair:5   | Found a staircase to the Slime Pits.
 18577 | Lair:5   | Found a viscous altar of Jiyva.
 18789 | Lair:5   | Reached skill level 5 in Dodging
 19368 | Lair:5   | Found a burning altar of Makhleb.
 19657 | Lair:5   | Found a gateway to Hell.
 19894 | D:11     | Noticed kae's ghost (journeyman DrSh)
 19897 | D:11     | Found a runed translucent door.
 19916 | D:11     | Killed kae's ghost
 20742 | D:12     | Found a staircase to the Orcish Mines.
 20811 | D:12     | You fall into a shaft and drop 2 floors!
 20866 | D:14     | Found a shimmering blue altar of Sif Muna.
 20963 | D:13     | Reached ****** piety under Wu Jian
 21125 | D:12     | Noticed Psyche
 21136 | D:12     | Killed Psyche
 21589 | Orc:1    | Entered Level 1 of the Orcish Mines
 21605 | Orc:1    | Found Oruel's Antique Weapon Boutique.
 21944 | Orc:1    | Noticed Erolcha
 21947 | Orc:1    | Killed Erolcha
 22061 | Orc:2    | Entered Level 2 of the Orcish Mines
 22252 | Orc:2    | Found a staircase to the Elven Halls.
 22424 | Orc:2    | Found Ruthronag's Antique Armour Shoppe.
 22594 | Orc:2    | Reached skill level 10 in Armour
 22599 | Orc:2    | Gained mutation: You are completely covered in rugged brown
                  | scales. (AC +3, +7% HP) [demonic ancestry]
 22599 | Orc:2    | Reached XP level 15. HP: 111/134 MP: 15/15
 22779 | Orc:2    | Reached skill level 10 in Shields
 22995 | Orc:2    | Found Sayzeusu's Jewellery Emporium.
 22995 | Orc:2    | Found Hoawuon's Distillery.
 22996 | Orc:2    | Found Qafunieh's Assorted Antiques.
 22996 | Orc:2    | Found Fypsocs's Book Emporium.
 23007 | Orc:2    | Bought 2 potions of invisibility for 192 gold pieces
 23007 | Orc:2    | Bought a potion of cancellation for 96 gold pieces
 23010 | Orc:2    | Bought a potion of heal wounds for 160 gold pieces
 23011 | Orc:2    | Bought an amulet of regeneration for 480 gold pieces
 23514 | D:13     | Found a broken altar of Ashenzari.
 23520 | D:13     | Found Rarof's Antique Armour Shop.
 23658 | D:13     | Found a gate to the Vaults.
 24440 | D:15     | Entered Level 15 of the Dungeon
 24605 | D:15     | Found a staircase to the Depths.
 24987 | D:15     | Identified the +3 sling of a ziggurat {speed, Int+2}
 25377 | D:15     | Identified the +4 short sword "Zogaapty" {vamp, +Blink rC+
                  | Int+3 Dex-3}
 25681 | Spider:1 | Entered Level 1 of the Spider Nest
 25846 | Orc:2    | Bought an embroidered cloak for 202 gold pieces
 26378 | Spider:1 | Reached skill level 1 in Invocations
 26611 | Spider:1 | Noticed Nikola
 26624 | Spider:1 | Killed Nikola
 27107 | Spider:1 | Reached XP level 16. HP: 96/143 MP: 14/18
 27338 | Spider:2 | Noticed Frances
 27346 | Spider:2 | Killed Frances
 27351 | Spider:2 | Reached skill level 10 in Evocations
 27423 | Spider:2 | You fall into a shaft and drop 1 floor!
 28273 | Spider:3 | Reached skill level 15 in Fighting
 28738 | Spider:2 | Reached skill level 5 in Invocations
 29387 | Spider:4 | Entered Level 4 of the Spider Nest
 29995 | Spider:4 | Identified the +1 scale mail of Voihesk {rF- rC++}
 30488 | Spider:4 | Gained mutation: You have a pair of large antennae on your
                  | head. (SInv) [demonic ancestry]
 30488 | Spider:4 | Reached XP level 17. HP: 57/151 MP: 3/21
 30970 | Spider:4 | Got a gossamer rune of Zot
 31301 | D:5      | Bought 2 potions of curing for 90 gold pieces
 31301 | D:5      | Bought a potion of might for 60 gold pieces
 31301 | D:5      | Bought a potion of haste for 150 gold pieces
 31370 | D:5      | Bought 3 boomerangs for 84 gold pieces
 31492 | D:3      | Bought a scroll of fog for 56 gold pieces
 31492 | D:3      | Bought a scroll of fog for 56 gold pieces
 31714 | Swamp:1  | Entered Level 1 of the Swamp
 32813 | Swamp:2  | Reached skill level 10 in Throwing
 32869 | Swamp:2  | Noticed Aizul
 32878 | Swamp:2  | Killed Aizul
 32902 | Swamp:2  | Noticed a tentacled monstrosity
 32916 | Swamp:2  | Killed a tentacled monstrosity
 33020 | Swamp:2  | Noticed a tentacled monstrosity
 33027 | Swamp:2  | Killed a tentacled monstrosity
 33256 | Swamp:2  | Learned a level 2 spell: Blink
 33933 | Swamp:3  | Found a runed translucent door.
 33935 | Swamp:3  | Found a shimmering altar of Xom.
 33935 | Swamp:3  | Noticed esper6's ghost (journeyman GnNe)
 34168 | Swamp:3  | Killed esper6's ghost
 34202 | Swamp:4  | Entered Level 4 of the Swamp
 34406 | Swamp:4  | Noticed Roxanne
 34556 | Swamp:4  | Noticed Louise
 34568 | Swamp:4  | Killed Louise
 34697 | Swamp:4  | Reached XP level 18. HP: 161/161 MP: 22/22
 34854 | Swamp:4  | Noticed a tentacled monstrosity
 34893 | Swamp:4  | Killed a tentacled monstrosity
 35166 | Swamp:4  | Got a decaying rune of Zot
 35573 | Elf:1    | Entered Level 1 of the Elven Halls
 36204 | Elf:1    | Found the +10 pair of quick blades "Gyre" and "Gimble"
                  | {protect}
 36489 | Elf:1    | Got the Directory of Blasting
 36636 | Elf:1    | Paralysed by an air elemental for 1 turns
 37231 | Elf:2    | Found a portal to a secret trove of treasure.
 37508 | Elf:2    | Found a huge runed translucent gate.
 37508 | Elf:2    | Found a huge runed translucent gate.
 37508 | Elf:2    | Found a huge runed translucent gate.
 37514 | Elf:2    | Found a huge runed translucent gate.
 37514 | Elf:2    | Found a huge runed translucent gate.
 37703 | Elf:3    | Entered Level 3 of the Elven Halls
 37706 | Elf:3    | Paralysed by an air elemental for 1 turns
 37740 | Elf:3    | Paralysed by an air elemental for 1 turns
 37744 | Elf:3    | Paralysed by an air elemental for 1 turns
 37816 | Elf:3    | Found Soigoskum's Armour Emporium.
 37962 | Elf:3    | Reached skill level 10 in Dodging
 37963 | Elf:3    | Identified the +4 morningstar "Gyuc" {freeze, Str+2}
 37964 | Elf:3    | Gained mutation: Your demonic aura causes all spilled blood
                  | to erupt in flames. [demonic ancestry]
 37964 | Elf:3    | Reached XP level 19. HP: 144/172 MP: 19/23
 37983 | Elf:3    | Identified the +8 mace "Azosol" {drain, rElec rC- MP+9
                  | Str+5}
 38000 | Elf:3    | Noticed a Tzitzimitl
 38231 | Elf:3    | Identified the ring of Xom's Flight of Fancy {rPois rF+++
                  | MP-9 Int+6 Stlth+}
 38311 | Elf:3    | Found the amulet of Vitality {RegenMP++ Regen++}
 38447 | Elf:3    | Got the Almanac of Flammable Misery
 38473 | Elf:3    | Got Fikhlant's Incunabulum of Darkness and Gases
 38687 | Elf:3    | Identified the +1 pair of gloves of the Wilderness {rElec
                  | Will+++ SInv Stlth-}
 39196 | Elf:3    | Bought +2 storm dragon scales for 1564 gold pieces
 39238 | Elf:2    | You paid a toll of +3 storm dragon scales to enter a
                  | treasure trove
 39239 | Trove    | Entered a treasure trove
 39262 | Trove    | Identified the +0 trident "Ecet" {pain, Int+3}
 39272 | Trove    | Identified the +3 demon trident "Izyck" {vamp, rC++ rCorr}
 39275 | Trove    | Identified the +8 rapier "Pakk" {flame, Str+2}
 39298 | Trove    | Identified the +1 trident "Dos Xyrr" {protect, rPois Dex-3
                  | SInv}
 39302 | Trove    | Identified the +4 broad axe of Ceumos {freeze, rC+}
 39309 | Trove    | Identified the +10 demon trident "Urinketu" {vamp, rCorr
                  | Str+3 Int-2 Stlth+}
 39631 | Vaults:1 | Entered Level 1 of the Vaults
 40835 | Vaults:1 | Reached XP level 20. HP: 181/181 MP: 17/26
 41285 | Vaults:2 | Reached skill level 15 in Armour
 41407 | Vaults:2 | Identified the +8 shortbow "Motit" {heavy, MP-9 Int+3 SInv}
 41531 | Vaults:2 | Noticed Xtahua
 41545 | Vaults:2 | Killed Xtahua
 41546 | Vaults:2 | Reached skill level 15 in Shields
 41850 | Vaults:2 | Reached skill level 10 in Invocations
 42638 | Vaults:3 | Found a staircase to the Crypt.
 42731 | Vaults:3 | Noticed Margery
 42812 | Vaults:3 | Killed Margery
 43193 | Vaults:3 | Found Geasim's Magic Scroll Shop.
 43200 | Vaults:3 | Bought a scroll of silence for 133 gold pieces
 43200 | Vaults:3 | Bought a scroll of poison for 56 gold pieces
 43200 | Vaults:3 | Bought a scroll of blinking for 105 gold pieces
 43200 | Vaults:3 | Bought a scroll of enchant weapon for 105 gold pieces
 43200 | Vaults:3 | Bought a scroll of poison for 56 gold pieces
 44271 | Vaults:4 | Reached XP level 21. HP: 179/189 MP: 17/28
 45942 | Vaults:5 | Entered Level 5 of the Vaults
 45947 | Vaults:5 | Noticed Bai Suzhen
 45976 | Vaults:5 | Killed Bai Suzhen
 46079 | Vaults:5 | Reached skill level 15 in Evocations
 46282 | Vaults:5 | Noticed Sojobo
 46298 | Vaults:5 | Killed Sojobo
 46299 | Vaults:5 | Gained mutation: Your magical and physical power is
                  | slightly enhanced at high health. [demonic ancestry]
 46299 | Vaults:5 | Reached XP level 22. HP: 168/199 MP: 25/29
 46311 | Vaults:5 | Identified the ring of Uggoqyrch {Wiz +Blink Fly rPois}
 46311 | Vaults:5 | Identified the +10 short sword of Context {freeze, rC+}
 46337 | Vaults:5 | Identified the +14 plate armour of Ynistriq {*Corrode rN++
                  | Dex+5}
 46378 | Vaults:5 | Identified the +3 quick blade of the Evening {heavy, Str+4
                  | Int+3 Dex+6}
 46431 | Vaults:5 | Got Golubria's Handbook of Relocation
 46434 | Vaults:5 | Identified the +0 glaive "Akhiduyth" {venom, Int+3}
 47018 | Vaults:5 | Got a silver rune of Zot
 47101 | Vaults:5 | Noticed a golden dragon
 47121 | Vaults:5 | Killed a golden dragon
 47845 | D:5      | Bought a potion of mutation for 120 gold pieces
 47845 | D:5      | Bought a potion of curing for 45 gold pieces
 48081 | Depths:1 | Entered Level 1 of the Depths
 48126 | Depths:1 | Identified the +5 falchion of Vaadosse {protect, rF++ Str+3
                  | Dex-3 Stlth+}
 48297 | Depths:1 | Reached skill level 15 in Polearms
 48670 | Depths:1 | Found a one-way gate to the infinite horrors of the Abyss.
 48764 | Depths:1 | Identified the +9 mace of Fyj Xuol {flame, Str+4}
 49792 | Depths:2 | Found the ring of the Hare {EV+10}
 50557 | Depths:2 | Found a one-way gate leading to the halls of Pandemonium.
 50829 | Depths:3 | Found a one-way gateway to a ziggurat.
 50835 | Depths:3 | Noticed a golden dragon
 50958 | Depths:3 | Noticed a golden dragon
 50976 | Depths:2 | Killed a golden dragon
 50990 | Depths:2 | Killed a golden dragon
 50991 | Depths:2 | Gained mutation: Your magical and physical power is
                  | enhanced at high health. [demonic ancestry]
 50991 | Depths:2 | Reached XP level 23. HP: 207/207 MP: 21/30
 51123 | Depths:3 | Found an ornate altar of the Wu Jian Council.
 51603 | Depths:3 | Identified the +2 robe of the Hunter {+Blink rPois rF+
                  | SInv}
 51614 | Depths:3 | Identified the ring "Xufet" {rF+ Will+ Dex-2 SInv Stlth+}
 51782 | Depths:4 | Entered Level 4 of the Depths
 51818 | Depths:4 | Found a transporter.
 51819 | Depths:4 | Found Pulijolo's Antique Weapon Boutique.
 52517 | Depths:4 | Found a gate to the Realm of Zot.
 52623 | Depths:4 | Found a transporter.
 53066 | Zot:1    | Entered Level 1 of the Realm of Zot
 53230 | Zot:1    | Noticed a curse toe
 53239 | Zot:1    | Found a transporter.
 53239 | Zot:1    | Found a transporter.
 53274 | Zot:1    | Noticed a curse toe
 53286 | Zot:1    | Killed a curse toe
 54295 | Zot:2    | Gained mutation: Your magical and physical power is greatly
                  | enhanced at high health. [demonic ancestry]
 54295 | Zot:2    | Reached XP level 24. HP: 218/218 MP: 23/32
 54587 | Zot:2    | Noticed an orb of fire
 54609 | Zot:2    | Killed an orb of fire
 54978 | Zot:3    | Reached skill level 15 in Invocations
 55235 | Zot:3    | Found Jauhaanown's Changing Room.
 55275 | Zot:3    | Bought a potion of mutation for 168 gold pieces
 55275 | Zot:3    | Bought a potion of lignification for 63 gold pieces
 55275 | Zot:3    | Bought a wand of polymorph (6) for 176 gold pieces
 56214 | Zot:4    | Noticed a Killer Klown
 56215 | Zot:4    | Noticed a Killer Klown
 56227 | Zot:4    | Killed a Killer Klown
 56253 | Zot:4    | Killed a Killer Klown
 56313 | Zot:4    | Identified the orb of Egalitarianism {mayhem, Str+5}
 56495 | Zot:5    | Entered Level 5 of the Realm of Zot
 57097 | Zot:5    | Reached XP level 25. HP: 224/224 MP: 28/37
 57106 | Zot:5    | Noticed an ancient lich
 57119 | Zot:5    | Killed an ancient lich
 57146 | Zot:5    | Noticed an orb of fire
 57147 | Zot:5    | Noticed an orb of fire
 57163 | Zot:5    | Killed an orb of fire
 57167 | Zot:5    | Gained mutation: Your magical capacity is low. (-10% MP)
                  | [an orb of fire]
 57172 | Zot:5    | Killed an orb of fire
 57201 | Zot:5    | Noticed an orb of fire
 57208 | Zot:5    | Killed an orb of fire
 57208 | Zot:5    | Noticed an orb of fire
 57209 | Zot:5    | Noticed an orb of fire
 57210 | Zot:5    | Gained mutation: You are vulnerable to heat. (rF-) [an orb
                  | of fire]
 57221 | Zot:5    | Killed an orb of fire
 57223 | Zot:5    | Gained mutation: You are frail. (-10% HP) [an orb of fire]
 57225 | Zot:5    | Noticed a Killer Klown
 57230 | Zot:5    | Gained mutation: Your spells are a little easier to cast,
                  | but a little less powerful. [an orb of fire]
 57233 | Zot:5    | Killed an orb of fire
 57249 | Zot:5    | Killed a Killer Klown
 57256 | Zot:5    | Lost mutation: Your spells are a little easier to cast, but
                  | a little less powerful. [potion of mutation]
 57256 | Zot:5    | Lost mutation: You are frail. (-10% HP) [potion of
                  | mutation]
 57256 | Zot:5    | Lost mutation: You are vulnerable to heat. (rF-) [potion of
                  | mutation]
 57256 | Zot:5    | Gained mutation: You are dopey. (Int -2) [potion of
                  | mutation]
 57256 | Zot:5    | Gained mutation: You have hidden genetic potential. [potion
                  | of mutation]
 57256 | Zot:5    | Gained mutation: Your natural rate of healing is unusually
                  | fast. [potion of mutation]
 57256 | Zot:5    | Gained mutation: Your flesh is heat resistant. (rF+)
                  | [potion of mutation]
 57349 | Zot:5    | Reached skill level 5 in Stealth
 57410 | Zot:5    | Got the Orb of Zot
 57441 | Zot:5    | Noticed an ancient lich
 57450 | Zot:5    | Killed an ancient lich
 57741 | D:15     | Noticed Rytynn the pandemonium lord
 58073 | D:$      | Escaped with the Orb!

Illustrated notes

Levels and vault maps discovered:
D:1:      elethiomel_arrival_diamonds, layout_loops_corners, serial_forest,
          infiniplex_forest_straight_1, infiniplex_forest_clump_double,
          infiniplex_forest_clump_diagonal, infiniplex_forest_lined_corner,
          infiniplex_forest_straight_1, infiniplex_forest_fountain,
          chequers_serial_rivers_small_b
D:2:      wad_woods_stonehenge, layout_basic, uniq_terence
D:3:      layout_loops_ring, gammafunk_ghost_necromancy, serial_shops,
          nicolae_shop_rolled_up
D:4:      layout_rooms
D:5:      layout_cave_pools, kennysheep_okawaru_gauntlet, serial_shops,
          nicolae_shop_industrial_runoff, serial_bayou_pond_d,
          chequers_big_river, hangedman_decor_clover_reticule,
          nicolae_inconvenience_store, minmay_misc_feat_more_columns,
          minmay_increasing_density
D:6:      layout_cave_pools, supply_closet_lemuel, minmay_strange_pillars
D:7:      layout_basic, minmay_temple_entry_slanted
D:8:      layout_basic, nicolae_qazlal_beasts_of_the_sky,
          grunt_temple_overflow_diamond, special_room [special_room_orc]
D:9:      layout_irregular_city, gammafunk_ghost_split
D:10:     nicolae_cairo_tiling_large_dashed, layout_long_grid,
          nicolae_overflow_hidden_temple, lair_entry_dummy, minivault_13
D:11:     layout_long_grid, hellmonk_ghost_happy_afterlife, serial_bayou_pond_a
D:12:     layout_rooms, hiddenorc2_lemuel, uniq_psyche
D:13:     layout_stronghold, ximxim_vaults_locker_room, serial_shops, shop,
          dreamdust_deal_with_the_devil, grunt_ministairs_4, ashenzari_altar_1
D:14:     layout_cave_pools, nicolae_sif_muna_condensation
D:15:     grunt_enter_depths_hoard, layout_gridville, minivault_7
Temple:   minmay_temple_curvy_branch
Lair:1:   layout_concentric_octagons, gauntlet_entry_generic,
          grunt_megastairs_2, infiniplex_staircase_pool
Lair:2:   layout_small_grid, nicolae_spider_entry_orb_guardian
Lair:3:   gammafunk_boulding_lane, layout_cave_pods,
          alex1729_swamp_entry_worm_eleionoma, grunt_forest_large_clearing_hut,
          uniq_gastronok
Lair:4:   layout_regular_city, minmay_shattered_shrine
Lair:5:   evil_forest, layout_big_grid, slime_entry_1, lookout_lair_type,
          st_stairs_8
Swamp:1:  layout_basic_swamp, evilmike_swamp_ruin_house_5, swamp_pool2
Swamp:2:  layout_falls_marsh, hangedman_swamp_ruin_hall,
          infiniplex_staircase_pool_2, uniq_aizul
Swamp:3:  layout_basic_swamp, ebering_ghost_xom, nicolae_swamp_trees_clearing
Swamp:4:  swamp_vile, layout_basic_swamp, uniq_louise, uniq_roxanne
Spider:1: layout_spider_delve, hangedman_spider_tarantella_strand, uniq_nikola
Spider:2: layout_spider_delve, uniq_frances
Spider:3: layout_spider_delve
Spider:4: spider_rune_water, nicolae_spider_cling_ruins
Orc:1:    layout_diamond_mine, serial_shops, nicolae_shop_behind_doors,
          nooodl_orcs_dogs, uniq_erolcha
Orc:2:    st_orc_pillars, layout_caves, serial_shops, shop
Elf:1:    eino_elf_arrival_sip, layout_gridlike, minmay_elf_sorcery,
          hellmonk_guarded_unrand_gyre_and_gimble, grunt_megastairs_4
Elf:2:    elven_hall_of_blades_hangedman_alternative [mumra_blade_entry_dagger],
          layout_geoelf_octagon, enter_trove_3
Elf:3:    grunt_elf_hall_branching, layout_loops_cross, serial_shops,
          nicolae_shop_tiny_statue_garden, st_stairs_6, nicolae_elf_w_pinch,
          hangedman_elf_power_crystal, grunt_ministairs_11,
          nicolae_elf_vaults_five_recruitment_drive
Vaults:1: nicolae_vaults_hexular_roomagon, vaults_mumra_hex, grunt_vaults_focal,
          nicolae_vaults_murderbox, nicolae_vaults_storage_closets_2,
          v_pattern_4, vaults_room_pool, layout_vaults_omnigrid
Vaults:2: nicolae_vaults_door_testing_chamber, vaults_room_door_ring,
          nicolae_vaults_trapezoid_2, hangedman_vaults_stretched_pinwheel,
          v_pattern_3, nicolae_vaults_heart-shaped_vault,
          vaults_room_glass_cross, vaults_mumra_hexcomb,
          nicolae_vaults_little_squares_6, v_misc_30,
          nicolae_vaults_weapon_check, nicolae_vaults_specimen_jars,
          nicolae_vaults_little_squares_2, layout_vaults_omnicross, uniq_xtahua
Vaults:3: nicolae_vaults_offset_grid_hallway_4, v_alt_pattern_2,
          nicolae_vaults_closet_pinwheel_6, minmay_crypt_entry_simple_statues,
          ontoclasm_vaults_bender, vaults_mumra_minichess,
          nicolae_vaults_offset_grid_hallway_3, v_misc_3,
          nicolae_vaults_layer_cake_slice, vaults_room_octagon,
          nicolae_vaults_diamond_2, nicolae_vaults_little_ls,
          ontoclasm_vaults_eye, nicolae_vaults_two_Ls, nicolae_vaults_house_2,
          vaults_dpeg_emergency_exit, layout_vaults_omnibox, serial_shops, shop,
          uniq_margery
Vaults:4: v_misc_19, v_misc_16, nicolae_vaults_little_squares_6,
          nicolae_vaults_more_shelving_1, v_misc_22, nicolae_vaults_what_the_h,
          hangedman_vaults_corner, nicolae_vaults_closet_pinwheel_4,
          nicolae_vaults_asterisk, special_room_vaults [special_room_orc],
          nicolae_vaults_trapezoid_1, nicolae_vaults_gold_heap,
          layout_vaults_big_room
Vaults:5: serial_shops, uniq_sojobo, uniq_bai_suzhen
Depths:1: layout_forbidden_donut, pf_coc_iceberg, abyss_entry,
          minmay_misc_feat_rows, hangedman_abyss_or_decor_passed,
          grunt_ministairs_3, st_stairs_11, minmay_swirly_circle,
          serial_bayou_shore_b
Depths:2: wad_mega_maze, layout_basic, pan_entry, hell_entry
Depths:3: nzn_winding_woodlands_medium [nzn_winding_woodlands_5x5_open_star,
          nzn_winding_woodlands_5x15_river_crossing,
          nzn_winding_woodlands_5x5_cross,
          nzn_winding_woodlands_5x5_checkerboard,
          nzn_winding_woodlands_center_diamonds,
          nzn_winding_woodlands_5x5_perimeter, nzn_winding_woodlands_hourglass,
          nzn_winding_woodlands_5x15_garden,
          nzn_winding_woodlands_5x5_closed_star], layout_cave_shapes,
          enter_ziggurat_a, lightli_too_deep, nicolae_wu_jian_wuxing_cycle,
          abyss_entry_glasseish
Depths:4: grunt_zot_entry_pinwheel, layout_gridlike,
          hangedman_abyss_or_decor_slice, serial_shops, nicolae_shop_drivethru,
          pf_hell_entry_tar_spiral, rand_demon_pan_entry_1, serial_bayou_pond_b
Zot:1:    gammafunk_sealed_arena, layout_cellular_growth
Zot:2:    layout_misc_corridors, zot_minivault_7
Zot:3:    layout_onion_interference, nicolae_transmutations_shop,
          lemuel_baited_zot_trap
Zot:4:    grunt_zot_stairs_faceoff, layout_cellular_growth
Zot:5:    layout_gridlike

Skill      XL: |  1  2  3  4  5  6  7  8  9 10 11 12 13 14 15 16 17 18 19 20 21 22 23 24 25 |
---------------+----------------------------------------------------------------------------+-----
Stealth        | 1 2 5 |  5.8
Polearms       | 3 4 7 8 10 11 12 13 14 15 16 | 16.0
Fighting       | 3 4 5 9 11 12 13 14 15 16 17 18 19 20 | 20.0
Ranged Weapons | 1 2 |  2.5
Throwing       | 3 4 6 8 9 10 11 12 | 12.9
Armour         | 2 3 5 8 9 10 11 12 13 14 16 17 18 | 18.0
Evocations     | 2 4 6 7 8 9 11 12 14 15 16 17 18 | 18.6
Shields        | 4 6 8 9 10 11 12 13 14 15 16 17 18 | 18.5
Dodging        | 4 6 7 8 10 11 12 | 12.0
Invocations    | 3 6 8 10 12 20 | 20.5

Action                     |  1- 3 |  4- 6 |  7- 9 | 10-12 | 13-15 | 16-18 | 19-21 | 22-24 | 25-27 || total
---------------------------+-------+-------+-------+-------+-------+-------+-------+-------+-------++-------
  Melee: Trident           |   131 |    44 |   164 |   341 |  1070 |  1597 |    98 |       |       ||  3445
         Dagger            |       |    17 |       |       |       |       |       |       |       ||    17
         Spear             |       |       |    22 |    81 |   236 |   133 |       |       |       ||   472
         Morningstar       |       |       |       |     2 |    12 |       |       |       |       ||    14
         Demon trident     |       |       |       |       |       |       |  1613 |  1896 |   207 ||  3716
   Fire: Sling             |    65 |    81 |    88 |       |       |       |       |       |       ||   234
  Throw: Stone             |     5 |     8 |    37 |    41 |       |       |       |       |       ||    91
         Throwing net      |       |     2 |       |       |       |       |       |       |     2 ||     4
         Dart              |       |     6 |     7 |    52 |    78 |   152 |    25 |     1 |     1 ||   322
         Javelin           |       |       |     4 |       |     3 |    14 |     4 |     4 |    15 ||    44
         Boomerang         |       |       |       |     8 |    11 |    38 |    25 |   200 |    22 ||   304
 Invoke: Serpent's Lash    |       |       |       |     1 |     4 |    12 |     1 |     3 |     1 ||    22
         Heavenly Storm    |       |       |       |       |     1 |       |     1 |       |       ||     2
Ability: Lunge             |       |       |     1 |     1 |    14 |    29 |    32 |    27 |     3 ||   107
         Whirlwind         |       |       |       |     6 |    45 |    66 |   238 |    73 |     7 ||   435
         Evoke Blink       |       |       |       |       |       |       |       |     6 |       ||     6
  Evoke: Wand              |       |       |     1 |    19 |     5 |    43 |    14 |    12 |       ||    94
         Tin of tremorston |       |       |       |       |       |       |       |     4 |       ||     4
         Lightning rod     |       |       |       |       |       |       |       |     5 |       ||     5
    Use: Potion            |     3 |       |     3 |    10 |     2 |     8 |     6 |     3 |     5 ||    40
         Scroll            |     1 |     8 |     3 |    13 |     5 |    14 |    13 |    14 |     4 ||    75
   Stab: Sleeping          |       |       |     1 |       |       |       |       |       |       ||     1
         Invisible         |       |       |       |     3 |       |     4 |     2 |       |       ||     9
         Petrified         |       |       |       |       |     2 |       |       |       |       ||     2
         Paralysed         |       |       |       |       |     4 |     6 |       |    12 |       ||    22
         Distracted        |       |       |       |       |       |     1 |     2 |       |       ||     3
         Held in net/web   |       |       |       |       |       |       |       |       |     1 ||     1
 Armour: Scale mail        |    18 |    11 |       |    44 |       |       |       |       |       ||    73
         Leather armour    |    18 |       |    12 |     3 |       |       |       |       |       ||    33
         Ring mail         |       |    12 |    45 |     1 |       |       |       |       |       ||    58
         Plate armour      |       |       |       |    24 |    45 |   542 |       |   393 |    32 ||  1036
         Chain mail        |       |       |       |    73 |   368 |   418 |   320 |     2 |       ||  1181
         Skin              |       |       |       |       |       |       |       |    14 |       ||    14
  Dodge: Dodged            |    64 |    43 |    88 |    96 |   341 |   438 |   310 |   582 |    64 ||  2026
  Block: Buckler           |    20 |     7 |    20 |     3 |       |       |       |       |       ||    50
         Kite shield       |       |       |       |   132 |   495 |       |       |       |       ||   627
         Reflection        |       |       |       |       |    20 |       |       |       |       ||    20
         Tower shield      |       |       |       |       |   296 |  1322 |   825 |  1030 |   102 ||  3575

Table legend: (Time is in decaauts)
 A = Elapsed time spent in this place.
 B = Non-inter-level travel time spent in this place.
 C = Inter-level travel time spent in this place.
 D = Time resting spent in this place.
 E = Time spent auto-exploring this place.
 F = Levels seen in this place.
 G = Mean time per level.
                   A        B        C        D        E       F      G
               +--------+--------+--------+--------+--------+-----+--------+
         Total |  57559 |  49753 |   7806 |   4998 |  23254 |  50 | 1151.2 |
       Dungeon |  18372 |  14986 |   3386 |   1706 |   6715 |  15 | 1224.8 |
        Temple |     45 |      2 |     43 |      0 |      0 |   1 |   45.0 |
          Lair |   7722 |   6509 |   1213 |    855 |   3507 |   5 | 1544.4 |
         Swamp |   3870 |   3525 |    345 |    355 |   1409 |   4 |  967.5 |
   Spider Nest |   4986 |   4734 |    252 |   1012 |   1572 |   4 | 1246.5 |
  Orcish Mines |   1751 |   1466 |    285 |    131 |    714 |   2 |  875.5 |
   Elven Halls |   4088 |   3484 |    604 |    415 |   1474 |   3 | 1362.7 |
        Vaults |   6853 |   6334 |    519 |     30 |   4004 |   5 | 1370.6 |
        Depths |   4827 |   4088 |    739 |     53 |   2535 |   4 | 1206.8 |
           Zot |   4199 |   3783 |    416 |    118 |   1298 |   5 |  839.8 |
         Trove |    107 |    107 |      0 |      0 |     23 |   1 |  107.0 |
      Gauntlet |    735 |    735 |      0 |    320 |      0 |   1 |  735.0 |
               +--------+--------+--------+--------+--------+-----+--------+

Top non-repeatable levels by time:
  Lair:5: 1805 daAuts
     D:5: 1805 daAuts
Spider:4: 1671 daAuts
Depths:2: 1667 daAuts
  Lair:4: 1653 daAuts
   Elf:1: 1640 daAuts
    D:10: 1608 daAuts
  Lair:3: 1593 daAuts
   Elf:3: 1540 daAuts
Vaults:5: 1499 daAuts
     D:8: 1482 daAuts
     D:2: 1472 daAuts
     D:3: 1460 daAuts
     D:1: 1433 daAuts
Vaults:1: 1417 daAuts
